 Dungeon Crawl Stone Soup version 0.29-a0-323-g050149af67 (webtiles) character file.

Game seed: 13696378730801505304

78 quinnr the Gusty (level 4, -3/24 HPs)
             Began as a Tengu Air Elementalist on Apr 10, 2022.
             Slain by a gnoll
             ... wielding a +0 flail
              (5 damage)
             ... on level 2 of the Dungeon.
             The game lasted 00:03:55 (2249 turns).

quinnr the Gusty (Tengu Air Elementalist)           Turns: 2249, Time: 00:03:55

Health: -3/24      AC:  2    Str:  9    XL:     4   Next: 36%
Magic:  9/9        EV: 12    Int: 17    God:
Gold:   112        SH:  0    Dex: 14    Spells: 6/9 levels left

rFire   . . .      SeeInvis .   f - +0 lajatang
rCold   . . .      Faith    .   (shield currently unavailable)
rNeg    . . .      Spirit   .   a - +0 robe
rPois   .          Reflect  .   (helmet restricted)
rElec   .          Harm     .   (no cloak)
rCorr   .          Rampage  .   (no gloves)
Will    .....                   (boots unavailable)
Stlth   ++........              (no amulet)
HPRegen 0.08/turn               c - ring of wizardry
MPRegen 0.11/turn               (no ring)

@: no status effects
A: beak, talons 3
a: no special abilities


You were on level 2 of the Dungeon.
You visited 1 branch of the dungeon, and saw 2 of its levels.

You collected 112 gold pieces.

Inventory:

Hand Weapons
 f - a +0 lajatang (weapon)
Armour
 a - a +0 robe (worn)
Jewellery
 c - a ring of wizardry (left hand)
Scrolls
 h - 3 scrolls of amnesia
 i - a scroll of fog {unknown}
 k - a scroll of teleportation
 n - 2 scrolls of noise {unknown}
 o - a scroll of enchant weapon {unknown}
Potions
 b - a potion of magic
 d - a potion of flight {unknown}
 e - a potion of might {unknown}
 g - a potion of heal wounds {unknown}
 j - a potion of berserk rage {unknown}
 l - a potion of haste {unknown}
 m - 3 potions of curing {unknown}


   Skills:
 - Level 2.1 Dodging
 - Level 2.0 Stealth
 - Level 3.0 Spellcasting
 - Level 1.3 Conjurations
 + Level 5.8 Air Magic


You had 6 spell levels left.
You knew the following spells:

 Your Spells              Type           Power      Damage    Failure   Level
a - Shock                 Conj/Air       56%        1d6       1%          1
b - Static Discharge      Conj/Air       14%        N/A       2%          2

Your spell library contained the following spells:

 Spells                   Type           Power      Damage    Failure   Level
 Swiftness                Air            22%        N/A       1%          3
 Airstrike                Air            11%        N/A       6%          4
 Ensorcelled Hibernation  Hex/Ice        4%         N/A       11%         2
 Passwall                 Tmut/Erth      1%         N/A       11%         2


Dungeon Overview and Level Annotations

Branches:
Dungeon (2/15)

Altars:


Innate Abilities, Weirdness & Mutations

You have a beak for a mouth.
You have claws for feet.


Message History

The zap hits the gnoll.
The gnoll is severely wounded.
The zap hits the gnoll.
You kill the gnoll!
You can't see any susceptible monsters within range! (Use Z to cast anyway.)
You can't see any susceptible monsters within range! (Use Z to cast anyway.) Magic restored.
A gnoll comes into view. It is wielding a +0 flail.
The gnoll moves out of view. 2 gnolls come into view.
The gnoll shouts! x2
The gnoll moves out of view.
You see here a +0 halberd.
A gnoll is nearby!
The zap hits the gnoll.
The gnoll is moderately wounded.
The gnoll attacks as you move away! The gnoll hits you with a +0 flail!
The gnoll attacks as you move away! The gnoll barely misses you.
The gnoll attacks as you move away! The gnoll misses you.
The zap hits the gnoll.
The gnoll is heavily wounded.
The zap hits the gnoll.
The gnoll is severely wounded.
The gnoll hits you with a +0 flail!
* * * LOW HITPOINT WARNING * * *
Unknown command.
You are too injured to fight recklessly!
Unknown command.
The gnoll attacks as you move away! The gnoll closely misses you.
The gnoll attacks as you move away! The gnoll barely misses you.
The gnoll attacks as you move away! The gnoll hits you with a +0 flail.
* * * LOW HITPOINT WARNING * * *
The gnoll attacks as you move away! The gnoll misses you.
Okay, then.
The gnoll attacks as you move away! The gnoll hits you with a +0 flail.
* * * LOW HITPOINT WARNING * * *
The gnoll attacks as you move away! The gnoll completely misses you.
The gnoll attacks as you move away! The gnoll barely misses you.
The gnoll attacks as you move away! The gnoll hits you with a +0 flail.
You die...

#.####.# #.# #.#
#......# ##.## #.#
#..##### ##...## #.#
#..# ##.#.#.## #.#
#.)#######.##.##.####.#
#....)..........<.....#
##.#######.##.##.######
#†# ##.#.#.## ..#
##..@##
###############g##
.............g..#
#################


You could see 2 gnolls.

Vanquished Creatures
  2 gnolls
  2 adders
  A worm (D:2)
  A dart slug (D:1)
  4 endoplasms (D:1)
  5 giant cockroaches
  4 hobgoblins
  3 ball pythons (D:1)
  4 bats
  2 frilled lizards (D:2)
  2 goblins (D:1)
  8 rats
38 creatures vanquished.

Notes
Turn   | Place    | Note
-------+----------+-------------------------------------------
     0 | D:1      | quinnr the Tengu Air Elementalist began the quest for the
                  | Orb.
     0 | D:1      | Reached XP level 1. HP: 10/10 MP: 4/4
   269 | D:1      | Reached XP level 2. HP: 15/15 MP: 0/6
   331 | D:1      | Learned a level 2 spell: Static Discharge
  1198 | D:1      | Reached XP level 3. HP: 19/19 MP: 0/8
  1220 | D:1      | Reached skill level 5 in Air Magic
  1425 | D:1      | Found a faded altar of an unknown god.
  1790 | D:2      | Reached XP level 4. HP: 9/24 MP: 4/9
  2246 | D:2      | HP: 2/24 [gnoll/+0 flail (5)]
  2249 | D:2      | Slain by a gnoll

Illustrated notes

Levels and vault maps discovered:
D:1:      dpeg_arrival_simpleton_a, layout_loops_ring,
          shapermc_ecumenical_altar_hornbeckon
D:2:      layout_loops_ring, minmay_surrounded

Skill      XL: |  1  2  3 |
---------------+----------+-----
Air Magic      | 5 |  5.8
Spellcasting   | 3 |  3.0
Dodging        | |  2.1
Stealth        | |  2.0
Conjurations   | |  1.3

Action                   |  1- 3 |  4- 6 || total
-------------------------+-------+-------++-------
Melee: Unarmed           |     2 |       ||     2
       Peck              |     1 |       ||     1
       Lajatang          |     2 |     1 ||     3
       Kick              |       |     1 ||     1
 Cast: Shock             |    80 |    21 ||   101
       Static Discharge  |     1 |       ||     1
  Use: Scroll            |     2 |       ||     2
Dodge: Dodged            |     9 |     7 ||    16

Table legend: (Time is in decaauts)
 A = Elapsed time spent in this place.
 B = Non-inter-level travel time spent in this place.
 C = Inter-level travel time spent in this place.
 D = Time resting spent in this place.
 E = Time spent auto-exploring this place.
 F = Levels seen in this place.
 G = Mean time per level.
                   A        B        C        D        E       F      G
               +--------+--------+--------+--------+--------+-----+--------+
         Total |   2255 |   2156 |     99 |    224 |   1631 |   2 | 1127.5 |
       Dungeon |   2255 |   2156 |     99 |    224 |   1631 |   2 | 1127.5 |
               +--------+--------+--------+--------+--------+-----+--------+

Top non-repeatable levels by time:
     D:1: 1577 daAuts
     D:2: 677 daAuts
